 Dungeon Crawl Stone Soup version 0.15-a0-2123-gb18dd36 (webtiles) character file.

39 MDvedh the Cudgeler (level 3, -1/19 HPs)
             Began as a Vine Stalker Berserker on July 16, 2014.
             Was a Believer of Trog.
             Slain by an adder (4 damage)
             ... on Level 2 of the Dungeon.
             The game lasted 00:01:36 (744 turns).

MDvedh the Cudgeler (Vine Stalker Berserker)         Turns: 744, Time: 00:01:36

HP  -1/19        AC  2     Str 20      XL: 3   Next: 45%
MP   0/4         EV  9     Int  7      God: Trog [**....]
Gold 48          SH  7     Dex 13      Spells:  0 memorised,  2 levels left

rFire  . . .     SeeInvis .     a - +0 mace
rCold  . . .     Clarity  .     b - +0 animal skin
rNeg   . . .     rCorr    .     g - +0 shield
rPois  .         rRot     +     (no helmet)
rElec  .         Spirit   +     (no cloak)
SustAb .         Warding  .     (no gloves)
rMut   .         Stasis   .     (no boots)
Gourm  .                        (no amulet)
MR     .....                    (no ring)
                                m - ring of stealth

@: not resistant to hostile enchantments, unstealthy
A: fangs 2, regeneration 1, magic shield, antimagic bite, no device heal 3, rot
immunity
a: Burn Spellbooks, Berserk, Trog's Hand, Renounce Religion


You were on level 2 of the Dungeon.
You worshipped Trog.
Trog was pleased with you.
You were not hungry.

You visited 1 branch of the dungeon, and saw 2 of its levels.

You collected 48 gold pieces.

Inventory:

Hand weapons
 a - a +0 mace (weapon)
Armour
 b - a +0 animal skin (worn)
 g - a +0 shield (worn)
Comestibles
 c - a bread ration
 f - 4 fruits
Scrolls
 d - 3 scrolls of identify {unknown}
 h - 4 scrolls of remove curse {unknown}
 i - a scroll of noise {unknown}
 k - a scroll of fear {unknown}
Jewellery
 m - a ring of stealth (left hand)
Potions
 e - a potion of decay {unknown}
 j - a potion of haste {unknown}
 l - a potion of curing


   Skills:
 - Level 2.6 Fighting
 + Level 4.0 Maces & Flails
 - Level 1.5 Armour
 - Level 1.5 Dodging


You had 2 spell levels left.
You didn't know any spells.

Dungeon Overview and Level Annotations

Branches:
Dungeon (2/15)

Altars:


Innate Abilities, Weirdness & Mutations

You have extremely sharp teeth.
Your natural rate of healing is unusually fast.
When hurt, damage is shared between your health and your magic reserves.
Your bite disrupts and absorbs the magic of your enemies.
Potions and wands cannot restore your health.
You are immune to rotting.


Message History

The adder is moderately wounded.
You feel sick. You block the adder's attack. The adder bites you.
You closely miss the adder.
The adder is moderately wounded.
The adder bites you.
You are more poisoned.
The adder poisons you!
You closely miss the adder.
The adder is moderately wounded.
You feel sick. You block the adder's attack. The adder bites you.
You hit the adder but do no damage. Your bite misses the adder.
The adder is lightly wounded.
You feel sick. The adder completely misses you. The adder bites you.
* * * LOW HITPOINT WARNING * * *
You are too injured to fight recklessly!
You are too injured to fight recklessly!
You are too injured to fight recklessly!
Drink which item? (? for menu, Esc to quit)
You feel better.
It was a potion of curing.
The adder bites you.
You die...

. #. .##. #.## ... .....
.. #.## ####. #.# #
♣♣....## #.###..
..♣......##
#.#............S@.#######
#.#..♣..........♣.......#
#...♣♣..........♣♣..#####
#....................#
........♣♣♣♣♣♣.......#
#......♣♣ ♣♣......#
#......♣ ♣.....♣#
#♣.....♣ ♣....♣♣ #♣♣....♣
♣.....♣#


You could see an adder.

Vanquished Creatures
  An adder (D:2)
  2 giant geckos
  2 oozes (D:1)
  5 bats
  4 goblins
  2 jackals (D:1)
  4 giant newts
  2 kobolds (D:1)
  5 rats (D:1)
27 creatures vanquished.

Notes
Turn   | Place    | Note
--------------------------------------------------------------
     0 | D:1      | MDvedh, the Vine Stalker Berserker, began the quest for the Orb.
     0 | D:1      | Reached XP level 1. HP: 11/11 MP: 1/1
    71 | D:1      | Reached skill level 3 in Maces & Flails
   108 | D:1      | Reached XP level 2. HP: 16/16 MP: 3/3
   460 | D:1      | Acquired Trog's second power
   495 | D:1      | Reached XP level 3. HP: 19/19 MP: 4/4
   722 | D:2      | Reached skill level 4 in Maces & Flails
   744 | D:2      | Slain by an adder

Action                   || total
-------------------------++-------
Melee: Mace              ||    71
  Use: Potion            ||     1
